 Dungeon Crawl Stone Soup version 0.30.0-29-ga12c61a403 (webtiles) character file.

Game seed: 10426266252064720234

4492 cheesebisquit the Cleaver (level 10, -5/90 HPs)
             Began as a Hill Orc Fighter on June 23, 2023.
             Was an Elder of Kikubaaqudgha.
             Killed from afar by a gargoyle (14 damage)
             ... with a stone arrow
             ... on level 7 of the Dungeon.
             The game lasted 00:32:27 (7994 turns).

cheesebisquit the Cleaver (Hill Orc Fighter)        Turns: 7994, Time: 00:32:28

Health: -5/90      AC:  9    Str: 20    XL:     10   Next: 38%
Magic:  14/14      EV: 10    Int: 12    God:    Kikubaaqudgha [****..]
Gold:   333        SH:  5    Dex: 16    Spells: 11/15 levels left

rFire   . . .        a - +0 war axe (heavy)
rCold   . . .        c - +0 buckler
rNeg    . . .        B - +0 ring mail
rPois   +            (no helmet)
rElec   .            (no cloak)
rCorr   .            L - +0 pair of gloves
SInv    .            w - +0 pair of boots {Fly}
Will    .....        (no amulet)
Stlth   +            j - ring of poison resistance
HPRegen 0.35/turn    m - +6 ring of dexterity
MPRegen 0.14/turn

%: no passive effects
@: flying
A: no striking features
a: Renounce Religion, Unearth Wretches


You were on level 7 of the Dungeon.
You worshipped Kikubaaqudgha.
Kikubaaqudgha was greatly pleased with you.
You visited 2 branches of the dungeon, and saw 8 of its levels.
You also visited: Sewer and Ossuary.

You collected 383 gold pieces.
You spent 50 gold pieces at shops.

Inventory:

Hand Weapons
 a - a +0 heavy war axe (weapon)
Missiles
 f - 20 poisoned darts
 l - 6 curare-tipped darts
 s - 4 boomerangs (quivered)
 N - 2 atropa-tipped darts
Armour
 c - a +0 buckler (worn)
 d - a +0 chain mail
 o - a +0 plate armour
 w - a +0 pair of boots of flying (worn)
 B - a +0 ring mail (worn)
 H - an orb of light
 L - a +0 pair of gloves (worn)
Jewellery
 j - a ring of poison resistance (left hand)
 m - a +6 ring of dexterity (right hand)
 r - a ring of resist corrosion
 J - a ring of protection from fire
Wands
 i - a wand of mindburst (12)
 Q - a wand of charming (11)
 R - a wand of iceblast (9)
Scrolls
 e - 3 scrolls of vulnerability
 g - a scroll of fog
 h - 2 scrolls of blinking
 n - 2 scrolls of enchant armour {unknown}
 t - a scroll of amnesia {unknown}
 v - a scroll of summoning {unknown}
 x - a scroll of enchant weapon {unknown}
 y - a scroll of torment {unknown}
 z - a scroll of teleportation
 A - a scroll of noise {unknown}
 C - a scroll of brand weapon
 D - a scroll of magic mapping
 G - a scroll of poison
 I - a scroll of immolation
 K - 2 scrolls of fear {unknown}
 O - 5 scrolls of identify
Potions
 b - 4 potions of lignification
 k - 2 potions of attraction
 p - 4 potions of degeneration
 q - 2 potions of brilliance {unknown}
 u - 5 potions of flight
 E - 3 potions of curing
 F - 6 potions of mutation
 M - a potion of resistance {unknown}
 P - 2 potions of magic {unknown}


   Skills:
 + Level 8.5 Fighting
 + Level 11.0 Axes
 + Level 7.4 Armour
 - Level 3.2 Shields
 - Level 3.0 Spellcasting
 + Level 7.6 Necromancy


You had 11 spell levels left.
You knew the following spells:

 Your Spells              Type           Power      Damage    Failure   Level
a - Animate Dead          Necr           20%        N/A       22%         4

Your spell library contained the following spells:

 Spells                   Type           Power      Damage    Failure   Level
 Necrotise                Necr           80%        1d8       2%          1
 Sublimation of Blood     Necr           20%        N/A       3%          2
 Vampiric Draining        Necr           20%        2d7       6%          3
 Cigotuvi's Dreadful Rot  Necr/Pois/Air  14%        N/A       26%         2
 Foxfire                  Conj/Fire      4%         2x1d4     43%         1
 Summon Small Mammal      Summ           4%         N/A       43%         1
 Agony                    Necr           20%        N/A       52%         5
 Ensorcelled Hibernation  Hex/Ice        2%         N/A       58%         2
 Passwall                 Tmut/Erth      0%         N/A       58%         2
 Poisonous Vapours        Pois/Air       2%         N/A       58%         2
 Anguish                  Hex/Necr       5%         N/A       71%         4
 Call Canine Familiar     Summ           1%         N/A       82%         3
 Ignite Poison            Fire/Tmut/Pois 1%         N/A       82%         3
 Mephitic Cloud           Conj/Pois/Air  1%         N/A       82%         3
 Ozocubu's Armour         Ice            1%         N/A       82%         3
 Summon Guardian Golem    Hex/Summ       1%         N/A       82%         3
 Swiftness                Air            1%         N/A       82%         3
 Borgnjor's Vile Clutch   Necr/Erth      5%         N/A       96%         5
 Sticky Flame             Conj/Fire      1%         2d3       99%         4
 Fireball                 Conj/Fire      0%         3d3       100%        5
 Freezing Cloud           Conj/Ice/Air   0%         6-21      100%        5
 Conjure Ball Lightning   Conj/Air       0%         3x3d6     100%        6
 Plasma Beam              Fire/Air       0%         2x1d11    100%        6
 Simulacrum               Ice/Necr       5%         N/A       100%        6
 Starburst                Conj/Fire      0%         6d3       100%        6
 Haunt                    Necr/Summ      5%         N/A       100%        7
 Orb of Destruction       Conj           0%         9d5       100%        7
 Ozocubu's Refrigeration  Ice            0%         4d7       100%        7
 Spellforged Servitor     Conj/Summ      0%         N/A       100%        7
 Discord                  Hex            0%         N/A       100%        8
 Disjunction              Tloc           0%         N/A       100%        8
 Ignition                 Fire           0%         3d3       100%        8
 Infestation              Necr           10%        N/A       100%        8


Dungeon Overview and Level Annotations

Branches:
Dungeon (7/15)             Temple (1/1) D:4           Sewer (visited)
Ossuary (visited)

Altars:
Ashenzari
Cheibriados
Dithmenos
Elyvilon
Fedhas
Hepliaklqana
Kikubaaqudgha
Nemelex Xobeh
Okawaru
Qazlal
Ru
Sif Muna
Trog
Uskayaw
Vehumet
Wu Jian
Xom
Yredelemnul
Zin

Shops:
D:2 !   D:6 *


Message History

Items here: )))) [[[.
Something hits your troll zombie.
There is a stone staircase leading up, spattered with blood here.
You swap places.
Items here: )))) [[[.
You swap places.
There is a stone staircase leading up, spattered with blood here.
Something hits your troll zombie! Something hits your troll zombie.
Something hits your troll zombie but does no damage.
You swap places.
Something hits you. Something hits you. Something hits you but does no damage.
There is a stone staircase leading up, spattered with blood here.
Something hits you.
You slice something!! Something hits you but does no damage.
Something hits you but does no damage.
Items here: )))) [[[.
Something hits you but does no damage.
The gargoyle hurls a stone arrow at you.
The stone arrow misses you. Something hits you but does no damage.
You block something's attack. Something hits you.
The gargoyle hits you with a +0 mace!
You hit the gargoyle but do no damage. Something hits you. x2
The gargoyle barely misses you. You block the gargoyle's attack.
You slash the gargoyle!
The gargoyle is moderately damaged.
You closely miss something. Something hits you but does no damage.
Something hits you.
The gargoyle hurls a stone arrow at you.
The stone arrow hits you. You block something's attack.
You completely miss the gargoyle.
The gargoyle is moderately damaged.
You hit something. Something hits you. The gargoyle hits you with a +0 mace!!
* * * LOW HITPOINT WARNING * * *
Your troll zombie bites the gargoyle but does no damage.
Your troll zombie claws the gargoyle but does no damage. x2
The gargoyle hurls a stone arrow at you.
The stone arrow hits you!
You die...
Kikubaaqudgha rasps: "You have failed me!
Welcome... death!"

#.......................##..#
#................(......##.##****
#.......................#.#'9.9..
#..............[.......##.##T#))#
####.....#...#.........#...###*,)
####.#########........###{###***,
.....# #[.......#)....#*,*,
..############)......####.####,**
...........<.)..@9...#)......#*,,
..##############Z...#####.#####,,
..# ##.#.#..Z......#*, ###
#...#.###.###.#*,
##..'############
#............... #.......########
#########


You could see a gargoyle (ally target) and a friendly troll zombie.

Vanquished Creatures
  An ugly thing (D:7)
  A troll (D:7)
  Grinder (Sewer)
  A hornet (D:7)
  2 wyverns (D:7)
  Menkaure (D:5)
  Duvessa (D:5)
  3 water moccasins
  A sky beast (D:7)
  An ice beast (D:7)
  2 orc warriors
  A centaur (D:7)
  A phantom (D:6)
  2 elf zombies (Ossuary)
  A kobold brigand (Sewer)
  2 bullfrogs
  A gnoll sergeant (D:7)
  3 scorpions (D:7)
  Dowan (D:5)
  8 centaur zombies (Ossuary)
  2 quasits (Sewer)
  4 hounds
  4 jellies
  2 orc priests
  2 human zombies (Ossuary)
  9 orc wizards
  A sleepcap (D:7)
  4 iguanas
  3 mummies (Ossuary)
  7 adders
  5 gnolls
  4 shadow imps
  2 white imps (D:6)
  5 ufetubi (Sewer)
  4 worms
  4 dart slugs
  21 orcs
  7 ball pythons
  11 bats
  8 endoplasms
  2 giant cockroaches
  7 goblins
  7 hobgoblins
  29 kobolds
  2 quokkas
  A frilled lizard (D:2)
  A kobold zombie (Sewer)
  6 rats
199 creatures vanquished.

Vanquished Creatures (collateral kills)
  A scorpion (D:7)
  2 hounds (D:7)
3 creatures vanquished.

Vanquished Creatures (others)
  A wyvern zombie (D:7)
  A sky beast zombie (D:7)
2 creatures vanquished.

Grand Total: 204 creatures vanquished

Notes
Turn   | Place    | Note
-------+----------+-------------------------------------------
     0 | D:1      | cheesebisquit the Hill Orc Fighter began the quest for the
                  | Orb.
     0 | D:1      | Reached XP level 1. HP: 19/19 MP: 1/1
    68 | D:1      | Reached skill level 3 in Axes
   154 | D:1      | Reached XP level 2. HP: 23/26 MP: 2/2
   194 | D:1      | Reached skill level 4 in Axes
   385 | D:1      | Found a faded altar of an unknown god.
   488 | D:2      | Reached XP level 3. HP: 31/31 MP: 3/3
   567 | D:2      | Found a bloodstained altar of Trog.
   569 | D:2      | Found Badeof's Distillery.
   601 | D:2      | Bought a potion of lignification for 30 gold pieces
   601 | D:2      | Bought 2 potions of degeneration for 20 gold pieces
   631 | D:2      | Reached skill level 5 in Axes
   773 | D:2      | Reached XP level 4. HP: 39/39 MP: 4/4
  1042 | D:3      | Reached skill level 6 in Axes
  1163 | D:3      | Reached XP level 5. HP: 34/45 MP: 5/5
  1310 | D:3      | Reached skill level 7 in Axes
  1352 | D:3      | Found a faded altar of an unknown god.
  1394 | D:3      | Found a basalt altar of Yredelemnul.
  1504 | D:3      | Found an ancient bone altar of Kikubaaqudgha.
  1510 | D:3      | Found a shimmering blue altar of Sif Muna.
  1511 | D:3      | Found a radiant altar of Vehumet.
  1514 | D:3      | Got Kikubaaqudgha's Elucidation of Gloom
  1576 | D:3      | Became a worshipper of Kikubaaqudgha
  1582 | D:3      | Learned a level 4 spell: Animate Dead
  1842 | D:4      | Reached skill level 1 in Necromancy
  1996 | D:4      | Reached XP level 6. HP: 50/52 MP: 6/6
  2047 | D:4      | Noticed an orc warrior
  2060 | D:4      | Killed an orc warrior
  2352 | D:4      | Found a staircase to the Ecumenical Temple.
  2365 | Temple   | Entered the Ecumenical Temple
  2735 | D:4      | Reached XP level 7. HP: 60/60 MP: 7/7
  3097 | D:5      | Entered Level 5 of the Dungeon
  3165 | D:5      | Found a hide-covered altar of Uskayaw.
  3200 | D:5      | Reached skill level 8 in Axes
  3430 | D:5      | Noticed Menkaure
  3435 | D:5      | Killed Menkaure
  3641 | D:5      | Found a glowing drain.
  3653 | Sewer    | Entered a sewer
  3671 | Sewer    | Reached * piety under Kikubaaqudgha
  3671 | Sewer    | Received a gift from Kikubaaqudgha
  3855 | Sewer    | Found a burning altar of Makhleb.
  3867 | Sewer    | Reached skill level 5 in Fighting
  3967 | Sewer    | Reached XP level 8. HP: 60/68 MP: 8/8
  4011 | Sewer    | Noticed Grinder
  4018 | Sewer    | Reached ** piety under Kikubaaqudgha
  4039 | Sewer    | Paralysed by Grinder for 4 turns
  4047 | Sewer    | Paralysed by Grinder for 3 turns
  4050 | Sewer    | Killed Grinder
  4051 | Sewer    | Reached skill level 5 in Necromancy
  4308 | D:5      | Noticed Duvessa
  4309 | D:5      | Noticed Dowan
  4318 | D:5      | Killed Duvessa
  4700 | D:5      | Killed Dowan
  4701 | D:5      | Reached skill level 9 in Axes
  4800 | D:5      | Found a sacrificial altar of Ru.
  4955 | D:6      | Reached skill level 5 in Armour
  5341 | D:6      | Found Jinu's Evil Emporium.
  5358 | D:6      | Reached skill level 1 in Spellcasting
  5372 | D:6      | Reached XP level 9. HP: 51/77 MP: 10/10
  6296 | D:6      | Reached *** piety under Kikubaaqudgha
  6296 | D:6      | Received a gift from Kikubaaqudgha
  6704 | D:7      | Found a hazy altar of Hepliaklqana.
  6826 | D:7      | Found a sand-covered staircase.
  6834 | Ossuary  | Entered an ossuary
  6987 | Ossuary  | Reached skill level 10 in Axes
  7246 | D:7      | Reached **** piety under Kikubaaqudgha
  7249 | D:7      | Reached XP level 10. HP: 27/88 MP: 14/14
  7882 | D:7      | Noticed a brown ugly thing
  7882 | D:7      | Noticed a gargoyle
  7882 | D:7      | Noticed a gargoyle
  7882 | D:7      | Noticed a boulder beetle
  7892 | D:7      | Killed a brown ugly thing
  7893 | D:7      | Reached skill level 11 in Axes
  7994 | D:7      | Killed from afar by a gargoyle

Illustrated notes

Levels and vault maps discovered:
D:1:      dpeg_arrival_rhombus, layout_rooms,
          chequers_ecumenical_altar_simple_redux, serial_bayou_crossing
D:2:      layout_loops_ring, basic_altar, serial_shops,
          nicolae_shop_industrial_runoff
D:3:      layout_rooms, grunt_temple_overflow_magic_moments,
          nicolae_overflow_ecumenical_swirl, kennysheep_generic_room_5
D:4:      layout_basic, temple_fountains, guppyfry_early_orc_mine
D:5:      layout_loops_ring, eat_drink_and_be_merry_uskayaw,
          kennysheep_little_box, cheibrodos_sewer_entry_drain, uniq_menkaure,
          uniq_duvessa
D:6:      layout_basic, nicolae_evil_shop
D:7:      minmay_the_grid_triangle_9x9_recursive_2
          [minmay_the_grid_triangle_9x9_prize_schism,
          minmay_the_grid_triangle_9x9_skeleton,
          minmay_the_grid_triangle_9x9_longest,
          minmay_the_grid_triangle_9x9_pentomino_pain], layout_rooms,
          kennysheep_mini, chequers_ossuary_entry_cave
Temple:   hellmonk_temple_flake

Skill      XL: |  1  2  3  4  5  6  7  8  9 10 |
---------------+-------------------------------+-----
Axes           | 3 4 5 6 7 8 9 10 11 | 11.0
Necromancy     | 1 3 4 5 7 |  7.6
Fighting       | 4 5 6 7 8 |  8.5
Armour         | 4 5 6 7 |  7.4
Spellcasting   | 1 3 |  3.0
Shields        | |  3.2

Action                     |  1- 3 |  4- 6 |  7- 9 | 10-12 || total
---------------------------+-------+-------+-------+-------++-------
  Melee: War axe           |    75 |   130 |   457 |    32 ||   694
  Throw: Dart              |       |     3 |    17 |       ||    20
         Boomerang         |       |       |    22 |       ||    22
   Cast: Animate Dead      |       |       |     1 |     1 ||     2
    Use: Potion            |       |     1 |     4 |       ||     5
         Scroll            |       |       |    14 |       ||    14
 Armour: Scale mail        |    27 |       |       |       ||    27
         Plate armour      |    14 |    76 |   333 |       ||   423
         Ring mail         |       |     1 |     9 |    24 ||    34
  Dodge: Dodged            |    34 |    34 |    91 |    12 ||   171
  Block: Buckler           |    16 |    23 |    95 |    17 ||   151
